 Dungeon Crawl Stone Soup version 0.29.1-15-g9cfb28693d (webtiles) character file.

Game seed: 17504539629985209261

16111 BeingJoeMalik the Bludgeoner (level 12, 0/79 HPs)
             Began as a Tengu Fighter on Mar 5, 2023.
             Was a Priest of Dithmenos.
             Slain by a sixfirhy (12 damage)
             ... summoned by a kobold demonologist
             ... on level 12 of the Dungeon.
             The game lasted 00:39:39 (17321 turns).

BeingJoeMalik the Bludgeoner (Tengu Fighter)       Turns: 17321, Time: 00:39:39

Health: 0/79       AC:  6    Str: 16    XL:     12   Next: 34%
Magic:  22/22      EV: 26    Int: 10    God:    Dithmenos [***...]
Gold:   752        SH: 12    Dex: 18    Spells: 11/11 levels left

rFire   . . .      SeeInvis .   c - +4 morningstar (freeze)
rCold   . . .      Faith    .   F - +0 kite shield {rN+}
rNeg    + . .      Spirit   .   N - +0 troll leather armour
rPois   .          Reflect  .   (helmet restricted)
rElec   .          Harm     .   f - +0 cloak
rCorr   .          Rampage  .   a - +0 pair of gloves
Will    +....                   (boots unavailable)
Stlth   ++........              d - amulet of the acrobat
HPRegen 1.03/turn               q - ring of willpower
MPRegen 0.18/turn               C - ring of magical power

@: acrobatic, flying quickly and evasively, hasted, wreathed by umbra, studying
Maces & Flails, very quick
A: beak, talons 3, nimble flight
a: Renounce Religion, Shadow Step


You were on level 12 of the Dungeon.
You worshipped Dithmenos.
Dithmenos was most pleased with you.
You visited 2 branches of the dungeon, and saw 13 of its levels.
You also visited: Sewer.

You collected 1036 gold pieces.
You spent 284 gold pieces at shops.

Inventory:

Hand Weapons
 c - a +4 morningstar of freezing (weapon)
 u - a +1 whip of electrocution
 y - a +2 flail of protection
 D - a +0 morningstar of flaming
Missiles
 s - a throwing net
 B - 38 poisoned darts (quivered)
 G - 4 curare-tipped darts
Armour
 a - a +0 pair of gloves (worn)
 f - a +0 cloak (worn)
 E - a +2 ring mail of cold resistance
 F - a +0 kite shield of positive energy (worn)
 K - the +0 pair of gloves of the Enchanted Forest {rPois rF- rC+ rCorr}
   (You found it on level 9 of the Dungeon)

   rF:        It makes you vulnerable to fire.
   rC:        It protects you from cold.
   rPois:     It protects you from poison.
   rCorr:     It protects you from acid and corrosion.
 N - a +0 troll leather armour (worn)
Jewellery
 d - an amulet of the acrobat (around neck)
 q - a ring of willpower (left hand)
 C - a ring of magical power (right hand)
Wands
 m - a wand of flame (13)
 v - a wand of polymorph (9)
 I - a wand of quicksilver (3)
Scrolls
 e - 2 scrolls of enchant armour
 h - 2 scrolls of fear
 j - 2 scrolls of amnesia
 p - 3 scrolls of teleportation
 t - 4 scrolls of vulnerability
 H - a scroll of magic mapping
 J - 2 scrolls of identify
 L - 2 scrolls of silence {unknown}
 M - a scroll of brand weapon
Potions
 b - a potion of resistance
 i - 2 potions of lignification
 k - 3 potions of mutation
 l - 7 potions of curing
 r - 2 potions of might
 w - 4 potions of brilliance
 x - 4 potions of haste
 z - a potion of heal wounds
 A - 2 potions of ambrosia


   Skills:
 + Level 10.7 Fighting
 + Level 18.5 Maces & Flails
 - Level 3.2 Armour
 + Level 9.3 Shields


You had 11 spell levels left.
You didn't know any spells.
Your spell library contained the following spells:

 Spells                   Type           Power      Damage    Failure   Level
 Ensorcelled Hibernation  Hex/Ice        0%         N/A       85%         2
 Passwall                 Tmut/Erth      0%         N/A       85%         2
 Dazzling Flash           Conj/Hex       0%         N/A       97%         3
 Summon Guardian Golem    Hex/Summ       0%         N/A       97%         3
 Swiftness                Air            0%         N/A       97%         3
 Tukima's Dance           Hex            0%         N/A       97%         3
 Iskenderun's Mystic Bla  Conj/Tloc      0%         2d3       100%        4
 Passage of Golubria      Tloc           0%         N/A       100%        4
 Iskenderun's Battlesphe  Conj           0%         2d6       100%        5
 Yara's Violent Unravell  Hex/Tmut       0%         3d3       100%        5
 Iron Shot                Conj/Erth      0%         9d1       100%        6
 Starburst                Conj/Fire      0%         6d3       100%        6
 Orb of Destruction       Conj           0%         9d5       100%        7
 Spellforged Servitor     Conj/Summ      0%         N/A       100%        7


Dungeon Overview and Level Annotations

Branches:
Dungeon (12/15)            Temple (1/1) D:6            Lair (0/5) D:9
  Sewer (visited)
    Orc: D:9-12

Altars:
Ashenzari
Cheibriados
Dithmenos
Elyvilon
Fedhas
Gozag
Hepliaklqana
Kikubaaqudgha
Makhleb
Nemelex Xobeh
Okawaru
Qazlal
Ru
Sif Muna
Trog
Uskayaw
Vehumet
Wu Jian
Xom
Yredelemnul
Zin
The Shining One

Shops:
D:4 [!

Annotations:
D:6 1 runed translucent door, sigtrap's ghost, novice GnFi


Innate Abilities, Weirdness & Mutations

You have a beak for a mouth.
You have claws for feet.
Your magical nature lets you fly swiftly and evasively.


Message History

You barely miss the kobold demonologist.
Your kick misses the kobold demonologist.
The kobold demonologist is moderately wounded.
The sixfirhy barely misses you. You block the sixfirhy's attack.
The ynoxinul gestures.
The sixfirhy hits you!
* * * LOW HITPOINT WARNING * * *
The sixfirhy shocks you!
* * * LOW HITPOINT WARNING * * *
You block the kobold's attack. You block the kobold brigand's attack.
The kobold demonologist hits you with a +0 dagger.
* * * LOW HITPOINT WARNING * * *
The deep elf pyromancer casts a spell.
The deep elf pyromancer blinks!
Your orc closely misses the kobold demonologist.
You block the yak's attack. x2
As you read the scroll of fear, it crumbles to dust.
You assume a fearsome visage.
The quasit looks frightened!
The yak looks frightened! x4; The ynoxinul looks frightened!
The yak looks frightened!
The deep elf pyromancer looks frightened!
The kobold demonologist looks frightened!
The kobold brigand looks frightened!
The white imp looks frightened!
The kobold looks frightened!
The quasit looks frightened!
The ufetubus looks frightened! x2; The sixfirhy looks frightened!
Unknown command.
You puncture the sixfirhy! You freeze the sixfirhy.
Your attack snaps the sixfirhy out of its fear.
Your kick misses the sixfirhy. Your peck misses the sixfirhy.
The sixfirhy is moderately wounded.
Your orc barely misses the kobold demonologist.
The deep elf pyromancer mumbles some strange words.
The deep elf pyromancer blinks!
Unknown command.
Unknown command.
The deep elf pyromancer mumbles some strange words.
The deep elf pyromancer blinks!
The sixfirhy attacks as you move away! You block the sixfirhy's attack.
The sixfirhy misses you. The sixfirhy hits you!
You die...

## #5. #...
#.5.(###########
#...K(o........######
#.3.K.)†.3@..........
#.........Y.<........
#.5.K...#####........
#.§.e.Y.# #........
#...YYY.# #.o......
#.....### #........
#..... #........
#..... #........ ....
#...#####


You could see a deep elf pyromancer (fleeing), a kobold demonologist (fleeing,
ally target), 4 yaks, a sixfirhy (summoned), a kobold brigand (fleeing), a
kobold (fleeing) and a friendly orc (summoned).

Vanquished Creatures
  Erica (D:10)
  2 two-headed ogres
  A cyclops (D:11)
  3 manticores
  2 unseen horrors
  2 gargoyles
  A komodo dragon (D:9)
  2 hornets
  3 trolls
  A shadow (D:10)
  2 wraiths (D:11)
  17 yaks
  2 water elementals (D:11)
  A vampire (D:11)
  Eustachio (D:6)
  2 vampire mosquitoes (D:11)
  3 steam dragons
  Edmund (D:4)
  A water moccasin (D:5)
  8 orc warriors
  4 ogres
  4 ice beasts
  3 black bears
  A sky beast (D:7)
  3 centaurs
  7 kobold brigands
  A necrophage (D:8)
  5 scorpions
  6 bullfrogs
  A gnoll sergeant (D:7)
  11 wights
  8 killer bees (D:8)
  4 howler monkeys (D:9)
  5 electric eels
  3 jellies
  3 hounds (D:6)
  A gnoll bouda (D:8)
  10 orc priests
  Jessica (D:2)
  3 iguanas
  14 orc wizards
  21 gnolls
  11 adders
  5 river rats (Sewer)
  A shadow imp (D:8)
  3 white imps
  2 ufetubi
  4 worms
  2 dart slugs
  47 orcs
  4 ball pythons (Sewer)
  13 bats
  12 endoplasms
  15 giant cockroaches
  11 goblins
  22 hobgoblins
  7 jackals
  48 kobolds
  8 quokkas
  5 frilled lizards
  7 rats
402 creatures vanquished.

Vanquished Creatures (collateral kills)
  A kobold (D:12)
1 creature vanquished.

Vanquished Creatures (others)
  12 fungi (D:9)
  7 plants (D:9)
19 creatures vanquished.

Grand Total: 422 creatures vanquished

Notes
Turn   | Place    | Note
-------+----------+-------------------------------------------
     0 | D:1      | BeingJoeMalik the Tengu Fighter began the quest for the
                  | Orb.
     0 | D:1      | Reached XP level 1. HP: 14/14 MP: 2/2
     1 | D:1      | Found a runed translucent door.
     1 | D:1      | Noticed a jelly
   354 | D:1      | Reached XP level 2. HP: 16/19 MP: 3/3
   360 | D:1      | Reached skill level 3 in Maces & Flails
   849 | D:1      | Found a faded altar of an unknown god.
  1108 | D:2      | You fall into a shaft and drop 1 floor!
  1175 | D:3      | Reached XP level 3. HP: 23/23 MP: 4/4
  1197 | D:3      | Reached skill level 4 in Maces & Flails
  1306 | D:3      | Reached XP level 4. HP: 27/28 MP: 5/5
  1324 | D:3      | Found a glowing drain.
  1340 | Sewer    | Entered a sewer
  1582 | Sewer    | Reached skill level 5 in Maces & Flails
  1763 | Sewer    | Gained mutation: Your magical nature lets you fly swiftly
                  | and evasively. [Tengu growth]
  1763 | Sewer    | Reached XP level 5. HP: 14/32 MP: 6/6
  2062 | Sewer    | Reached skill level 6 in Maces & Flails
  2758 | D:2      | Noticed Jessica
  2761 | D:2      | Killed Jessica
  2762 | D:2      | Reached XP level 6. HP: 37/37 MP: 7/7
  3030 | D:2      | Reached skill level 7 in Maces & Flails
  4090 | D:3      | Reached XP level 7. HP: 30/41 MP: 8/8
  4099 | D:4      | Reached skill level 8 in Maces & Flails
  4273 | D:4      | Found Ciss's Distillery.
  4319 | D:4      | Found Migra's Armour Shop.
  4583 | D:4      | Noticed Edmund
  4604 | D:4      | Killed Edmund
  5299 | D:5      | Entered Level 5 of the Dungeon
  5304 | D:5      | Reached skill level 9 in Maces & Flails
  5682 | D:5      | Reached XP level 8. HP: 48/48 MP: 9/9
  6158 | D:5      | Reached skill level 10 in Maces & Flails
  6731 | D:4      | Bought a +0 kite shield of positive energy for 102 gold
                  | pieces
  6739 | D:4      | Bought a potion of heal wounds for 70 gold pieces
  6739 | D:4      | Bought a potion of heal wounds for 70 gold pieces
  6739 | D:4      | Bought a potion of curing for 42 gold pieces
  7170 | D:4      | Reached skill level 5 in Fighting
  7523 | D:4      | Reached skill level 11 in Maces & Flails
  7735 | D:6      | Reached XP level 9. HP: 48/54 MP: 10/10
  7824 | D:6      | Noticed a hornet
  7827 | D:6      | Paralysed by a hornet for 1 turns
  7839 | D:6      | Killed a hornet
  8740 | D:6      | Found a staircase to the Ecumenical Temple.
  8751 | Temple   | Entered the Ecumenical Temple
  8831 | D:6      | Reached skill level 5 in Shields
  8841 | D:6      | Found a runed translucent door.
  8842 | D:6      | Found a shimmering altar of Xom.
  8842 | D:6      | Noticed sigtrap's ghost (novice GnFi)
  8842 | D:6      | Noticed a +1 spear of chaos
  8844 | D:6      | Noticed Eustachio
  8859 | D:6      | Killed Eustachio
  8860 | D:6      | Reached skill level 12 in Maces & Flails
  9996 | D:7      | Reached XP level 10. HP: 19/61 MP: 11/11
 10843 | D:7      | Found a shadowy altar of Dithmenos.
 10849 | D:7      | Became a worshipper of Dithmenos the Shadowed
 11572 | D:8      | Found an iron altar of Okawaru.
 11573 | D:8      | Found a shimmering blue altar of Sif Muna.
 11684 | D:8      | Reached skill level 13 in Maces & Flails
 12439 | D:8      | Reached * piety under Dithmenos
 13061 | D:9      | Reached skill level 14 in Maces & Flails
 13096 | D:9      | Noticed a two-headed ogre
 13105 | D:9      | Killed a two-headed ogre
 13306 | D:9      | Reached XP level 11. HP: 35/68 MP: 12/12
 13645 | D:9      | Reached skill level 15 in Maces & Flails
 13800 | D:9      | Identified the +0 pair of gloves of the Enchanted Forest
                  | {rPois rF- rC+ rCorr}
 13838 | D:9      | Paralysed by a hornet for 3 turns
 14218 | D:9      | Found a staircase to the Lair.
 14738 | D:10     | Entered Level 10 of the Dungeon
 14778 | D:10     | Noticed a two-headed ogre
 15036 | D:10     | Reached skill level 16 in Maces & Flails
 15072 | D:10     | Reached ** piety under Dithmenos
 15466 | D:10     | Noticed Erica
 15480 | D:10     | Killed Erica
 15642 | D:10     | Killed a two-headed ogre
 15643 | D:10     | Reached skill level 17 in Maces & Flails
 16549 | D:11     | Noticed a manticore
 16563 | D:11     | Killed a manticore
 16564 | D:11     | Reached XP level 12. HP: 52/77 MP: 13/13
 16569 | D:11     | Reached skill level 10 in Fighting
 16622 | D:11     | Reached skill level 18 in Maces & Flails
 17305 | D:12     | Reached *** piety under Dithmenos
 17321 | D:12     | Slain by a sixfirhy

Illustrated notes

Levels and vault maps discovered:
D:1:      dpeg_arrival_caged_fury, layout_basic,
          shapermc_ecumenical_altar_pompeii
D:2:      cheibrodos_greedy_goblins, layout_rooms, uniq_jessica
D:3:      layout_basic, portal_sewer_entry_f
D:4:      minmay_goblin_kobold_castle, layout_cave_pods, serial_shops,
          nicolae_shop_trees, shop, minivault_5, uniq_edmund
D:5:      layout_basic, kennysheep_generic_room_6
D:6:      layout_gridville, temple_hall, ebering_ghost_xom, uniq_eustachio
D:7:      layout_loops_ring, nicolae_dithmenos_the_darkroom
D:8:      layout_loops_ring, nicolae_overflow_squiral, special_room
          [special_room_orc], minmay_fountain_box, minmay_holes,
          minmay_manual_mares
D:9:      layout_irregular_city, grunt_lair_entry_orc_guard_hut, minivault_5,
          chequers_serial_rivers_micro_e
D:10:     layout_roguey, uniq_erica
D:11:     layout_basic
D:12:     layout_irregular_city, erik_orc_4, gauntlet_entry_generic, the_hattery
Temple:   hellmonk_temple_of_storms

Skill      XL: |  1  2  3  4  5  6  7  8  9 10 11 12 |
---------------+-------------------------------------+-----
Maces & Flails | 3 4 5 6 7 9 11 12 14 17 18 | 18.5
Fighting       | 4 5 6 8 9 10 | 10.7
Shields        | 6 7 8 9 |  9.3
Armour         | |  3.2

Action                   |  1- 3 |  4- 6 |  7- 9 | 10-12 || total
-------------------------+-------+-------+-------+-------++-------
Melee: Flail             |    47 |   118 |       |       ||   165
       Kick              |     6 |    74 |   131 |   141 ||   352
       Peck              |     4 |    35 |    75 |    93 ||   207
       Whip              |       |   123 |   438 |    13 ||   574
       Morningstar       |       |       |       |   430 ||   430
Throw: Dart              |       |       |    16 |    25 ||    41
Evoke: Wand              |       |       |     3 |    10 ||    13
  Use: Potion            |       |     1 |     9 |     4 ||    14
       Scroll            |       |       |    17 |     5 ||    22
 Stab: Sleeping          |       |       |       |     2 ||     2
Armor: Scale mail        |    20 |   105 |    91 |       ||   216
       Leather armour    |       |       |     4 |       ||     4
       Steam dragon scal |       |       |       |    49 ||    49
       Troll leather arm |       |       |       |     9 ||     9
Dodge: Dodged            |    13 |   130 |   147 |   137 ||   427
Block: Buckler           |    11 |    62 |    33 |       ||   106
       Kite shield       |       |       |    70 |   191 ||   261
